 Dungeon Crawl Stone Soup version 0.28-a0-1147-gc7b72d3202 (webtiles) character file.

Game seed: 13666850626568122350

1796 Froggeryz the Fighter (level 9, -1/77 HPs)
             Began as a Gnoll Wanderer on Dec 14, 2021.
             Was an Initiate of Gozag.
             Slain by a gnoll (3 damage)
             ... on level 6 of the Dungeon.
             The game lasted 00:12:07 (8577 turns).

Froggeryz the Fighter (Gnoll Wanderer)              Turns: 8577, Time: 00:12:08

Health: -1/77      AC:  8    Str: 20    XL:     9   Next: 9%
Magic:  23/23      EV: 11    Int: 12    God:    Gozag
Gold:   169        SH:  0    Dex: 13    Spells: 15/15 levels left

rFire   . . .      SeeInvis .   i - +4 quarterstaff (chaos)
rCold   . . .      Faith    .   (shield currently unavailable)
rNeg    . . .      Spirit   .   I - +0 scale mail
rPois   .          Reflect  .   (no helmet)
rElec   .          Harm     .   d - +0 cloak
rCorr   .          Rampage  .   (no gloves)
Will    .....                   (no boots)
Stlth   +.........              G - amulet of the acrobat
HPRegen 0.22/turn               q - +6 ring of strength
MPRegen 0.18/turn               A - ring of magical power

@: gold aura
A: fangs 1, strong nose, distributed training
a: Renounce Religion, Potion Petition, Call Merchant, Bribe Branch


You were on level 6 of the Dungeon.
You worshipped Gozag.
Gozag was aware of your devotion.
You visited 2 branches of the dungeon, and saw 7 of its levels.

You collected 326 gold pieces.
You spent 54 gold pieces at shops.
You paid 103 gold pieces to Gozag.

Inventory:

Hand Weapons
 i - a +4 quarterstaff of chaos (weapon)
 u - a +2 falchion of holy wrath
 C - a +0 hunting sling
Missiles
 a - 164 stones (quivered)
 h - 63 sling bullets
 x - a throwing net
Armour
 d - a +0 cloak (worn)
 I - a +0 scale mail (worn)
Magical Staves
 j - a staff of conjuration
Jewellery
 q - a +6 ring of strength (left hand)
 A - a ring of magical power (right hand)
 G - an amulet of the acrobat (around neck)
 J - a +6 ring of intelligence
Wands
 t - a wand of digging (5)
 F - a wand of acid (6)
Scrolls
 c - 3 scrolls of teleportation
 f - a scroll of noise {unknown}
 g - a scroll of enchant armour {unknown}
 l - a scroll of torment {unknown}
 m - a scroll of amnesia
 n - 2 scrolls of fog
 r - a scroll of vulnerability {unknown}
 s - a scroll of immolation
 y - a scroll of enchant weapon {unknown}
 E - a scroll of acquirement {unknown}
 H - a scroll of brand weapon {unknown}
 K - a scroll of identify
Potions
 b - a potion of curing
 e - 2 potions of heal wounds
 k - a potion of flight {unknown}
 o - a potion of cancellation {unknown}
 p - a potion of invisibility {unknown}
 v - a potion of ambrosia {unknown}
 w - a potion of berserk rage {unknown}
 z - a potion of might
 B - a potion of magic {unknown}
 D - 2 potions of resistance


   Skills:
 + Level 9.4 Fighting
 + Level 3.9 Short Blades
 + Level 3.9 Long Blades
 + Level 3.9 Axes
 + Level 3.9 Maces & Flails
 + Level 3.9 Polearms
 + Level 3.9 Staves
 + Level 3.9 Slings
 + Level 3.9 Bows
 + Level 3.9 Crossbows
 + Level 3.9 Throwing
 + Level 4.7 Armour
 + Level 3.9 Dodging
 + Level 4.6 Stealth
 + Level 4.7 Shields
 + Level 7.7 Unarmed Combat
 + Level 3.9 Spellcasting
 + Level 3.2 Conjurations
 + Level 3.2 Hexes
 + Level 3.2 Summonings
 + Level 3.2 Necromancy
 + Level 3.2 Translocations
 + Level 3.2 Transmutations
 + Level 3.2 Fire Magic
 + Level 3.2 Ice Magic
 + Level 3.2 Air Magic
 + Level 3.2 Earth Magic
 + Level 3.2 Poison Magic
 + Level 4.3 Invocations
 + Level 3.9 Evocations


You had 15 spell levels left.
You didn't know any spells.
Your spell library contained the following spells:

 Spells                   Type           Power      Damage    Failure   Level
 Animate Skeleton         Necr           20%        N/A       16%         1
 Apportation              Tloc           20%        N/A       16%         1
 Summon Small Mammal      Summ           40%        N/A       16%         1
 Iskenderun's Battlesphe  Conj           10%        2d6       99%         5
 Iron Shot                Conj/Erth      5%         9d2       100%        6
 Spellforged Servitor     Conj/Summ      5%         N/A       100%        7


Dungeon Overview and Level Annotations

Branches:
Dungeon (6/15)             Temple (1/1) D:6

Altars:
Ashenzari
Cheibriados
Dithmenos
Elyvilon
Fedhas
Gozag
Hepliaklqana
Kikubaaqudgha
Makhleb
Okawaru
Qazlal
Ru
Sif Muna
Trog
Uskayaw
Vehumet
Wu Jian
Xom
Yredelemnul
Zin
The Shining One

Shops:
D:2 *([


Innate Abilities, Weirdness & Mutations

You have very sharp teeth.
Your uncanny sense of smell can sniff out nearby items.
Your experience applies equally to all skills.


Message History

The gnoll shouts! x2
There is an open door, spattered with blood here.
You see here 7 gold pieces.
You barely miss the gnoll.
The gnoll is no longer distracted by gold.
Your bite misses the gnoll. The gnoll hits you but does no damage.
The gnoll barely misses you.
You hit the gnoll. You freeze the gnoll.
The gnoll is moderately wounded.
The gnoll is no longer distracted by gold.
The gnoll hits you with a +3 whip! The gnoll closely misses you.
The gnoll misses you. x2
You closely miss the gnoll.
The gnoll is moderately wounded.
The gnoll hits you with a +0 halberd!
* * * LOW HITPOINT WARNING * * *
The gnoll closely misses you. x2
You thump the gnoll! You bite the gnoll.
The gnoll is almost dead.
The gnoll barely misses you. The gnoll hits you with a +0 spear.
* * * LOW HITPOINT WARNING * * *
The gnoll barely misses you.
A howler monkey comes into view.
The howler monkey howls!
You hit the gnoll. You freeze the gnoll.
You kill the gnoll!
The gnoll hits you with a +0 spear.
* * * LOW HITPOINT WARNING * * *
The gnoll barely misses you.
You sock the gnoll! You freeze the gnoll.
You kill the gnoll!
The howler monkey hoots and howls with incredible vigour!
The gnoll hits you with a +3 whip.
* * * LOW HITPOINT WARNING * * *
You hear a shout!
You thump the gnoll!
The gnoll suddenly seems more agile.
The gnoll is almost dead.
The gnoll hits you with a +3 whip.
You die...
Your body crumbles into a pile of gold.

.g.g..$g........# ##
#.........# ....##..##....#
.........##....## #..
.........$$.....# #.. ∆
..........#.....# #...
.#######.###..########.. #
###.###.$###.#..#..#######
........$@g...h...........
.........#................
.........#................
####.####.#########.###'##.
#. #.###.##.##.###.##. .
#..................
#..................
#..##..>.##..###...
#..##....##+####...


You could see a howler monkey (catching breath) and a gnoll (agile).

Vanquished Creatures
  A water moccasin (D:6)
  A sky beast (D:6)
  An orc warrior (D:5)
  A black bear (D:5)
  A necrophage (D:6)
  An ogre (D:4)
  A phantom (D:4)
  Blork the orc (D:4)
  A bullfrog (D:6)
  A water moccasin zombie (D:5)
  A scorpion (D:2)
  A water moccasin skeleton (D:5)
  A howler monkey (D:6)
  2 bullfrog zombies (D:5)
  2 jellies
  5 hounds
  Crazy Yiuf (D:5)
  2 orc priests (D:6)
  A bullfrog skeleton (D:6)
  2 gnoll shamans
  2 scorpion zombies (D:5)
  Natasha (thrice) (D:2)
  2 hound zombies (D:5)
  A hound skeleton (D:4)
  3 adders
  10 gnolls
  A white imp (D:6)
  2 ufetubi
  2 adder zombies (D:5)
  2 dart slugs
  8 orcs
  9 endoplasms
  A giant cockroach (D:3)
  7 goblins
  4 hobgoblins
  10 jackals
  4 quokkas
  2 ball pythons
  2 bats
  5 frilled lizards
  3 kobolds
  3 rats (D:1)
114 creatures vanquished.

Notes
Turn   | Place    | Note
-------+----------+-------------------------------------------
     0 | D:1      | Froggeryz the Gnoll Wanderer began the quest for the Orb.
     0 | D:1      | Froggeryz set off with the following items: a +0 club, a
                  | potion of curing, a scroll of teleportation, a +0 robe, 2
                  | potions of heal wounds
     0 | D:1      | Reached XP level 1. HP: 26/26 MP: 1/1
   667 | D:1      | Reached XP level 2. HP: 33/33 MP: 2/2
  1143 | D:2      | Noticed a scorpion
  1166 | D:2      | Noticed Natasha
  1166 | D:2      | Found Peseshez's Antique Weapon Boutique.
  1170 | D:2      | Killed Natasha
  1171 | D:2      | Reached skill level 1 in Invocations
  1171 | D:2      | Reached XP level 3. HP: 38/38 MP: 2/4
  1186 | D:2      | Found Nuleesag's Armour Shop.
  1216 | D:2      | Noticed Natasha
  1227 | D:2      | Killed Natasha
  1228 | D:2      | Reached skill level 1 in Short Blades
  1228 | D:2      | Reached skill level 1 in Long Blades
  1228 | D:2      | Reached skill level 1 in Axes
  1228 | D:2      | Reached skill level 1 in Maces & Flails
  1228 | D:2      | Reached skill level 1 in Polearms
  1228 | D:2      | Reached skill level 1 in Staves
  1228 | D:2      | Reached skill level 1 in Slings
  1228 | D:2      | Reached skill level 1 in Bows
  1228 | D:2      | Reached skill level 1 in Crossbows
  1228 | D:2      | Reached skill level 1 in Throwing
  1228 | D:2      | Reached skill level 1 in Dodging
  1228 | D:2      | Reached skill level 1 in Spellcasting
  1228 | D:2      | Reached skill level 1 in Evocations
  1228 | D:2      | Reached XP level 4. HP: 45/45 MP: 5/5
  1339 | D:2      | Killed a scorpion
  1340 | D:2      | Reached skill level 1 in Conjurations
  1340 | D:2      | Reached skill level 1 in Hexes
  1340 | D:2      | Reached skill level 1 in Summonings
  1340 | D:2      | Reached skill level 1 in Necromancy
  1340 | D:2      | Reached skill level 1 in Translocations
  1340 | D:2      | Reached skill level 1 in Transmutations
  1340 | D:2      | Reached skill level 1 in Fire Magic
  1340 | D:2      | Reached skill level 1 in Ice Magic
  1340 | D:2      | Reached skill level 1 in Air Magic
  1340 | D:2      | Reached skill level 1 in Earth Magic
  1340 | D:2      | Reached skill level 1 in Poison Magic
  1340 | D:2      | Reached XP level 5. HP: 51/51 MP: 5/7
  1430 | D:2      | Found Uthyek's Assorted Antiques.
  1435 | D:2      | Bought a scroll labelled TEOJUT PESETHRU for 27 gold pieces
  1435 | D:2      | Bought a scroll labelled BOD SINANYCAY for 27 gold pieces
  1453 | D:2      | Noticed Natasha
  1468 | D:2      | Killed Natasha
  2893 | D:3      | Reached XP level 6. HP: 21/57 MP: 8/8
  3783 | D:4      | Noticed Blork the orc
  3796 | D:4      | Killed Blork the orc
  3797 | D:4      | Reached XP level 7. HP: 21/63 MP: 10/10
  4132 | D:5      | Entered Level 5 of the Dungeon
  5048 | D:5      | Found a basalt altar of Yredelemnul.
  5573 | D:4      | Reached skill level 9 in Fighting
  5788 | D:4      | Reached XP level 8. HP: 16/71 MP: 12/12
  6224 | D:5      | Noticed a shadow
  6225 | D:5      | Found a shadowy altar of Dithmenos.
  6226 | D:5      | Found a hazy altar of Hepliaklqana.
  7032 | D:5      | Found a runed translucent door.
  7033 | D:5      | Noticed Crazy Yiuf
  7261 | D:5      | Killed Crazy Yiuf
  7748 | D:6      | HP: 2/71 [orc priest/divine providence (12)]
  8194 | D:6      | Found a staircase to the Ecumenical Temple.
  8284 | Temple   | Entered the Ecumenical Temple
  8381 | Temple   | Became a worshipper of Gozag Ym Sagoz the Greedy
  8541 | D:6      | Reached XP level 9. HP: 64/76 MP: 14/14
  8576 | D:6      | HP: 2/77 [gnoll (6)]
  8577 | D:6      | Slain by a gnoll

Illustrated notes

Levels and vault maps discovered:
D:1:      saegor_arrival_simple_c, layout_loops_ring, grunt_decor_fettered,
          minmay_distorted
D:2:      layout_rooms, serial_shops, shop, shop, shop,
          wad_floor_pattern_untrapped, uniq_natasha
D:3:      layout_basic
D:4:      layout_basic, uniq_blork_the_orc
D:5:      layout_basic, nicolae_yredelemnul_corpse_copse,
          riverfiend_overflow_shadow_ancestor, uniq_crazy_yiuf_cottage
D:6:      layout_gridville, temple_green
Temple:   hc_temple_tempest_star

Skill      XL: |  1  2  3  4  5  6  7  8 |
---------------+-------------------------+-----
Invocations    | 1 2 3 4 |  4.3
Short Blades   | 1 2 3 |  3.9
Long Blades    | 1 2 3 |  3.9
Axes           | 1 2 3 |  3.9
Maces & Flails | 1 2 3 |  3.9
Polearms       | 1 2 3 |  3.9
Staves         | 1 2 3 |  3.9
Slings         | 1 2 3 |  3.9
Bows           | 1 2 3 |  3.9
Crossbows      | 1 2 3 |  3.9
Throwing       | 1 2 3 |  3.9
Dodging        | 1 2 3 |  3.9
Spellcasting   | 1 2 3 |  3.9
Evocations     | 1 2 3 |  3.9
Conjurations   | 1 2 3 |  3.2
Hexes          | 1 2 3 |  3.2
Summonings     | 1 2 3 |  3.2
Necromancy     | 1 2 3 |  3.2
Translocations | 1 2 3 |  3.2
Transmutations | 1 2 3 |  3.2
Fire Magic     | 1 2 3 |  3.2
Ice Magic      | 1 2 3 |  3.2
Air Magic      | 1 2 3 |  3.2
Earth Magic    | 1 2 3 |  3.2
Poison Magic   | 1 2 3 |  3.2
Armour         | 3 4 |  4.7
Shields        | 3 4 |  4.7
Stealth        | 3 4 |  4.6
Unarmed Combat | 7 |  7.7
Fighting       | 9 |  9.4

Action                   |  1- 3 |  4- 6 |  7- 9 || total
-------------------------+-------+-------+-------++-------
Melee: Unarmed           |    67 |   154 |   155 ||   376
       Club              |    12 |       |       ||    12
       Bite              |     5 |    14 |    33 ||    52
       Punch             |     1 |     1 |     1 ||     3
       Quarterstaff      |       |       |    84 ||    84
 Fire: Hunting sling     |       |       |    39 ||    39
  Use: Scroll            |     1 |       |     3 ||     4
       Potion            |       |     1 |     1 ||     2
 Stab: Sleeping          |     3 |     2 |       ||     5
Armor: Robe              |    11 |       |       ||    11
       Leather armour    |     4 |    25 |    21 ||    50
       Scale mail        |       |       |    36 ||    36
Dodge: Dodged            |    46 |    73 |   182 ||   301

Table legend: (Time is in decaauts)
 A = Elapsed time spent in this place.
 B = Non-inter-level travel time spent in this place.
 C = Inter-level travel time spent in this place.
 D = Time resting spent in this place.
 E = Time spent auto-exploring this place.
 F = Levels seen in this place.
 G = Mean time per level.
                   A        B        C        D        E       F      G
               +--------+--------+--------+--------+--------+-----+--------+
         Total |   8561 |   8117 |    444 |   2508 |   4269 |   7 | 1223.0 |
       Dungeon |   8451 |   8018 |    433 |   2508 |   4191 |   6 | 1408.5 |
        Temple |    109 |     98 |     11 |      0 |     78 |   1 |  109.0 |
               +--------+--------+--------+--------+--------+-----+--------+

Top non-repeatable levels by time:
     D:4: 2324 daAuts
     D:5: 2100 daAuts
     D:3: 1517 daAuts
     D:1: 1106 daAuts
     D:2: 724 daAuts
     D:6: 678 daAuts
  Temple: 109 daAuts
